 Dungeon Crawl Stone Soup version 0.21-a0-440-g28109cb (webtiles) character file.

5975 tof the Cruncher (level 10, -3/77 HPs)
             Began as a Demonspawn Gladiator on Nov 11, 2017.
             Was a High Priest of Okawaru.
             Slain by an unseen horror (5 damage)
             ... on level 9 of the Dungeon.
             The game lasted 00:30:54 (10815 turns).

tof the Cruncher (Demonspawn Gladiator)            Turns: 10815, Time: 00:30:54

Health: -3/77      AC: 15    Str: 13 (16) XL:     10   Next: 55%
Magic:  6/13       EV: 21    Int:  8 (9)  God:    Okawaru [*****.]
Gold:   461        SH:  0    Dex: 18 (21) Spells: 7/9 levels left

rFire    . . .     SeeInvis .   b - +1 lajatang (pain)
rCold    + . .     Gourm    .   (shield currently unavailable)
rNeg     . . .     Faith    .   z - +3 ring mail {rC+}
rPois    +         Spirit   .   f - +0 helmet
rElec    +         Reflect  .   n - +2 cloak of the Vaults {rElec Dex+4}
rCorr    .         Harm     .   (no gloves)
MR       .....                  (boots unavailable)
Stlth    ++........             (no amulet)
HPRegen  0.22/turn              i - ring of wizardry
MPRegen  0.13/turn              K - ring of poison resistance

@: heroism, finesse, flying, hasted, very quick
A: talons 3, repulsion field 2, demonic guardian 2
a: Heroism, Finesse, Renounce Religion


You were on level 9 of the Dungeon.
You worshipped Okawaru.
Okawaru was extremely pleased with you.
You were near starving.

You visited 1 branch of the dungeon, and saw 10 of its levels.

You collected 461 gold pieces.

Inventory:

Hand Weapons
 a - a +0 quarterstaff
 b - a +1 lajatang of pain (weapon)
Missiles
 d - 5 throwing nets
 l - 36 poisoned needles
 m - 6 needles of sleeping
 p - 20 tomahawks (quivered)
 v - 11 curare-tipped needles
 E - 2 needles of confusion
Armour
 f - a +0 helmet (worn)
 n - the +2 cloak of the Vaults (worn) {rElec Dex+4}
   (You acquired it on level 5 of the Dungeon)

   It affects your dexterity (+4).
   It insulates you from electricity.
 z - a +3 ring mail of cold resistance (worn)
Magical Staves
 H - an uncursed staff of wizardry
Jewellery
 i - a ring of wizardry (left hand)
 K - a ring of poison resistance (right hand)
Wands
 h - a wand of iceblast (0/15)
 q - a wand of iceblast (4/15)
Scrolls
 e - 9 scrolls of remove curse
 j - 2 scrolls of magic mapping
 o - 5 scrolls of teleportation
 x - a scroll of silence
 y - a scroll of enchant armour
 A - a scroll of fog
 D - a scroll of amnesia {unknown}
 G - a scroll of fear {unknown}
 I - a scroll of enchant weapon {unknown}
 J - a scroll of recharging
Potions
 s - 4 potions of lignification
 t - 2 potions of resistance
 u - 2 potions of haste
 B - a potion of heal wounds {unknown}
 C - a potion of degeneration
 L - a potion of magic {unknown}
 M - a potion of flight
Books
 w - a book of Minor Magic

   Spells                             Type                      Level
   a - Magic Dart                     Conjuration                  1
   b - Blink                          Translocation                2
   c - Call Imp                       Summoning                    2
   d - Slow                           Hexes                        2
   e - Conjure Flame                  Conjuration/Fire             3
   f - Mephitic Cloud                 Conjuration/Poison/Air       3
Comestibles
 c - 4 bread rations
 g - 3 royal jellies
 F - a meat ration


   Skills:
 + Level 6.6(11.6) Fighting
 * Level 8.7(13.7) Staves
 - Level 4.8(9.8) Throwing
 + Level 5.4(10.4) Armour
 + Level 6.3(11.3) Dodging
 + Level 3.5 Translocations
 + Level 5.1 Invocations


You had 7 spell levels left.
You knew the following spells:

 Your Spells              Type           Power        Failure   Level  Hunger
a - Blink                 Tloc           N/A          12%         2    ###....


Dungeon Overview and Level Annotations

Branches:
Dungeon (10/15)            Temple (0/1) D:5             Orc (0/2) D:9
   Lair: D:8-11

Altars:
Ashenzari
Cheibriados
Dithmenos
Elyvilon
Gozag
Hepliaklqana
Makhleb
Nemelex Xobeh
Okawaru
Ru
Trog
The Shining One

Annotations:
D:8 1 transporter


Innate Abilities, Weirdness & Mutations

You have claws for feet.
You are surrounded by a moderate repulsion field. (EV +3)
A demonic guardian rushes to your aid.


Message History

* * * LOW HITPOINT WARNING * * *
Something hits you but does no damage. Something hits you but does no damage.
It was a potion of degeneration.
There was something very wrong with that liquid.
You feel weakened.
You feel dopey.
You feel clumsy. Something hits you but does no damage.
It was a potion of flight.
You feel very buoyant.
You fly up into the air.
Something hits you.
* * * LOW HITPOINT WARNING * * *
Okay, then.
You can now deal lightning-fast blows.
Something hits you.
* * * LOW HITPOINT WARNING * * *
You gain the combat prowess of a mighty hero.
Something misses you. Something hits you but does no damage.
You closely miss something. Your kick misses something. Something hits you.
You die...

#################################
.................................
......##...#..#.......##...#####.
..#.>.##...#..........##.........
..#...##...#.....................
......##...#....@....####'###....
...............{.....# #...#.#..
#############..#.....# #...'.#..
.# #.....#..#.....# #####.[.. .#
#.....#........# ##### .#
#.....#........# ##
#.....#.##.....#
#######.....#.##.#####
#.....#.....#....#


There were no monsters in sight!

Vanquished Creatures
  A two-headed ogre (D:8)
  The ghost of arkorax the Chopper, a novice NaSk of Ru (D:5)
  2 trolls (D:9)
  Grinder (D:5)
  A hippogriff (D:8)
  3 hungry ghosts
  A steam dragon (D:9)
  Edmund (D:6)
  3 orc warriors
  2 phantoms
  2 necrophages
  4 ogres
  5 centaurs
  2 bullfrogs (D:8)
  A gnoll sergeant (D:5)
  3 scorpions
  A howler monkey (D:8)
  5 crimson imps
  2 bullfrog zombies
  2 centaur zombies
  Crazy Yiuf (D:6)
  A jelly (D:4)
  A bullfrog skeleton (D:5)
  4 orc priests
  6 hounds
  4 orc wizards
  Jessica (D:2)
  3 iguanas
  3 worker ants
  2 hound skeletons
  A howler monkey zombie (D:8)
  15 gnolls
  11 adders
  An ooze (D:7)
  2 adder zombies (D:6)
  3 adder skeletons
  2 worms
  6 dart slugs
  3 leopard geckos
  32 orcs
  13 bats
  8 giant cockroaches
  9 hobgoblins
  11 jackals
  2 quokkas
  5 ball pythons
  A frilled lizard (D:1)
  6 goblins
  A jackal skeleton (D:6)
  A jackal zombie (D:3)
  12 kobolds
  A leopard gecko zombie (D:7)
  A quokka zombie (D:6)
  10 rats
226 creatures vanquished.

Vanquished Creatures (collateral kills)
  A troll (D:9)
  Sigmund (D:3)
  A phantom (D:4)
  An orc priest (D:7)
  A gnoll (D:5)
  A howler monkey skeleton (D:7)
  An adder (D:5)
  5 orcs
  A quokka (D:7)
  A leopard gecko skeleton (D:6)
14 creatures vanquished.

Grand Total: 240 creatures vanquished

Notes
Turn   | Place    | Note
-------+----------+-------------------------------------------
     0 | D:1      | tof the Demonspawn Gladiator began the quest for the Orb.
     0 | D:1      | Reached XP level 1. HP: 16/16 MP: 1/1
   196 | D:1      | Gained mutation: You have sharp toenails. [demonic ancestry]
   196 | D:1      | Reached XP level 2. HP: 22/22 MP: 2/2
   297 | D:1      | Reached skill level 3 in Staves
   616 | D:1      | Reached XP level 3. HP: 28/28 MP: 3/3
   765 | D:1      | Found an iron altar of Okawaru.
   810 | D:1      | Became a worshipper of Warmaster Okawaru
  1297 | D:2      | Noticed Jessica
  1304 | D:2      | Killed Jessica
  1304 | D:2      | Reached skill level 1 in Armour
  1304 | D:2      | Gained mutation: A weak demonic guardian rushes to your aid. [demonic ancestry]
  1304 | D:2      | Reached XP level 4. HP: 31/34 MP: 4/4
  1550 | D:2      | Found a bloodstained altar of Trog.
  1551 | D:2      | Found an iron altar of Okawaru.
  1965 | D:3      | Gained mutation: You have razor-sharp toenails. [demonic ancestry]
  1965 | D:3      | Reached XP level 5. HP: 31/40 MP: 5/5
  2004 | D:3      | Noticed Sigmund
  2038 | D:3      | Killed Sigmund
  2038 | D:3      | Reached * piety under Okawaru
  2038 | D:3      | Reached skill level 4 in Staves
  2038 | D:3      | Reached XP level 6. HP: 42/47 MP: 6/6
  3643 | D:4      | Found a white marble altar of Elyvilon.
  3813 | D:4      | Gained mutation: You have claws for feet. [demonic ancestry]
  3813 | D:4      | Reached XP level 7. HP: 42/53 MP: 7/7
  4131 | D:4      | Reached skill level 5 in Staves
  4460 | D:5      | Entered Level 5 of the Dungeon
  4464 | D:5      | Noticed Grinder
  4476 | D:5      | Reached ** piety under Okawaru
  4479 | D:5      | Paralysed by Grinder for 2 turns
  4484 | D:5      | Killed Grinder
  4851 | D:5      | Noticed arkorax's ghost (novice NaSk)
  4868 | D:5      | Killed arkorax's ghost
  4868 | D:5      | Reached *** piety under Okawaru
  4868 | D:5      | Reached skill level 6 in Staves
  4868 | D:5      | Gained mutation: You are surrounded by a mild repulsion field. (EV +2) [demonic ancestry]
  4868 | D:5      | Reached XP level 8. HP: 61/61 MP: 5/8
  4895 | D:5      | Found a staircase to the Ecumenical Temple.
  5170 | D:5      | Reached skill level 5 in Fighting
  5544 | D:5      | Found a glowing golden altar of the Shining One.
  5547 | D:5      | Found a hazy altar of Hepliaklqana.
  5547 | D:5      | Found a sacrificial altar of Ru.
  5552 | D:5      | Found a burning altar of Makhleb.
  5552 | D:5      | Found a sparkling altar of Nemelex Xobeh.
  5768 | D:5      | Identified a scroll of acquirement
  5775 | D:5      | Got a brightly glowing cloak
  5781 | D:5      | Identified the +2 cloak of the Vaults {rElec Dex+4} (You acquired it on level 5 of the Dungeon)
  5827 | D:6      | Reached skill level 5 in Dodging
  5835 | D:6      | Gained mutation: You are surrounded by a moderate repulsion field. (EV +3) [demonic ancestry]
  5835 | D:6      | Reached XP level 9. HP: 68/68 MP: 9/9
  5858 | D:6      | Learned a level 2 spell: Blink
  5937 | D:6      | Noticed Edmund
  5949 | D:6      | Killed Edmund
  5949 | D:6      | Reached **** piety under Okawaru
  5984 | D:6      | Reached skill level 1 in Invocations
  6013 | D:6      | Reached skill level 7 in Staves
  6550 | D:6      | Found a snail-covered altar of Cheibriados.
  6707 | D:6      | Found a runed door.
  6711 | D:6      | Noticed Crazy Yiuf
  6719 | D:6      | Killed Crazy Yiuf
  6786 | D:6      | Reached skill level 1 in Translocations
  7066 | D:7      | Found a shadowy altar of Dithmenos.
  8206 | D:8      | Noticed a two-headed ogre
  8224 | D:8      | Killed a two-headed ogre
  8224 | D:8      | Reached ***** piety under Okawaru
  8224 | D:8      | Reached skill level 8 in Staves
  8224 | D:8      | Gained mutation: A demonic guardian rushes to your aid. [demonic ancestry]
  8224 | D:8      | Reached XP level 10. HP: 49/76 MP: 12/12
  8431 | D:8      | Reached skill level 5 in Armour
  8555 | D:8      | Found an opulent altar of Gozag.
  8558 | D:8      | Found a shattered altar of Ashenzari.
  8559 | D:8      | Received a gift from Okawaru
  9005 | D:8      | Found a transporter.
  9875 | D:9      | Found a staircase to the Orcish Mines.
 10546 | D:10     | Entered Level 10 of the Dungeon
 10573 | D:9      | Reached skill level 5 in Invocations
 10802 | D:9      | HP: 3/77 [shot self (2)]
 10811 | D:9      | HP: 2/77 [something (5)]
 10815 | D:9      | Slain by an unseen horror

Vault maps used:
D:1:      wheals_arrival_linesprint, kennysheep_flooded_box,
          hangedman_abyss_or_decor_lesser_grid, minmay_tree_intersection
D:2:      gammafunk_temple_overflow_pools, first_bread, uniq_jessica
D:3:      uniq_sigmund
D:4:      nicolae_overflow_crystal_walls, corexii_item_surrounded_by_moat
D:5:      grunt_temple_overflow_open, temple_statues, uniq_grinder
D:6:      kennysheep_slug_shrine, uniq_edmund, uniq_crazy_yiuf_cottage
D:7:      marbit_many_paths
D:8:      gammafunk_beogh_shrine, overflow_temple_1_default,
          nicolae_gozag_seed_capital
D:9:      orc_0_dummy

Skill      XL: |  1  2  3  4  5  6  7  8  9 10 |
---------------+-------------------------------+-----
Staves         | 3 4 6 8 |  8.7
Throwing       | 2 3 4 |  4.8
Dodging        | 3 4 5 6 |  6.3
Armour         | 1 2 3 4 5 |  5.4
Fighting       | 3 4 5 6 |  6.6
Invocations    | 3 5 |  5.1
Translocations | 2 3 |  3.5

Action                   |  1- 3 |  4- 6 |  7- 9 | 10-12 || total
-------------------------+-------+-------+-------+-------++-------
Melee: Quarterstaff      |   125 |   191 |   195 |       ||   511
       Kick              |    22 |    51 |   111 |    43 ||   227
       Lajatang          |       |       |   129 |   108 ||   237
Throw: Tomahawk          |       |       |     9 |     2 ||    11
 Cast: Blink             |       |       |     1 |     1 ||     2
Invok: Heroism           |       |       |     2 |     1 ||     3
       Finesse           |       |       |       |     1 ||     1
Evoke: Wand              |       |       |       |     1 ||     1
  Use: Scroll            |       |       |    11 |     2 ||    13
       Potion            |       |       |       |     5 ||     5
 Stab: Distracted        |       |     2 |     5 |       ||     7
  Eat: Chunk             |     1 |     9 |    15 |     6 ||    31
       Bread ration      |       |       |       |     1 ||     1
Armor: Leather armour    |    48 |       |       |       ||    48
       Ring mail         |    17 |     7 |    34 |    77 ||   135
       Scale mail        |       |    99 |    62 |       ||   161
Dodge: Dodged            |   143 |   139 |   261 |   108 ||   651

Table legend:
 A = Spawn XP
 B = Non-spawn XP
 C = Spawn XP percentage of total XP
 D = Spawn monster count
 E = Non-spawn monster count
 F = Spawn count percentage of total count
 G = Total turns spent on level
                    A         B        C        D         E        F      G
               +---------+---------+-------+---------+---------+-------+---------
         Total |       0 |    8537 |   0.0 |       0 |     240 |   0.0 | 10815
               +---------+---------+-------+---------+---------+-------+---------
           D:1 |       0 |      58 |   0.0 |       0 |      31 |   0.0 |  1016
           D:2 |       0 |     122 |   0.0 |       0 |      30 |   0.0 |   945
           D:3 |       0 |     329 |   0.0 |       0 |      32 |   0.0 |  1167
           D:4 |       0 |     476 |   0.0 |       0 |      32 |   0.0 |  1332
           D:5 |       0 |    1584 |   0.0 |       0 |      22 |   0.0 |  1337
           D:6 |       0 |    1174 |   0.0 |       0 |      30 |   0.0 |  1226
           D:7 |       0 |    1069 |   0.0 |       0 |      26 |   0.0 |  1075
           D:8 |       0 |    2044 |   0.0 |       0 |      19 |   0.0 |  1104
           D:9 |       0 |    1671 |   0.0 |       0 |      14 |   0.0 |  1602
          D:10 |       0 |      10 |   0.0 |       0 |       4 |   0.0 |    11
               +---------+---------+-------+---------+---------+-------+---------
